Map: Eternal Empire LE

Players

Mike - Winner!

  • Race: Terran Terran
  • League: Bronze
  • Spawn Location: 7:00

A.I. 1 (Harder)

  • Race: Terran Terran
  • Spawn Location: 1:00

VOD

Have the link to the VOD?

Description

Time

  • Played on: June 8, 2020, 7:34 p.m.
  • Length: 25:31
Show
View Real Time Build Order
Export as new Build Order

Mike Terran - Winner!

Build Orders:  

Get SALT Encoding   

  12  0:05  SCV  
  13  0:17  SCV  
  14  0:22  Supply Depot  
  14  0:29  SCV  
  15  0:44  SCV  
  15  0:49  Barracks  
  16  0:56  Refinery  
  16  0:58  SCV  
  17  1:10  SCV  
  18  1:22  SCV  
  19  1:35  SCV  
  20  1:40  Command Center  
  20  1:42  Supply Depot  
  20  1:49  Orbital Command  
  20  2:15  SCV  
  21  2:27  SCV  
  22  2:39  SCV  
  22  2:40  Factory  
  22  2:41  Marine  
  24  2:51  SCV  
  24  2:52  SCV  
  26  2:59  Marine  
  26  3:03  SCV  
  26  3:04  SCV  
  29  3:16  SCV x2  
  29  3:17  Marine  
  32  3:27  Command Center, Factory Tech Lab  
  32  3:28  SCV x2  
  34  3:34  Marine  
  34  3:36  Factory  
  35  3:46  SCV x2  
  37  3:58  SCV  
  37  4:01  Orbital Command  
  38  4:10  SCV  
  39  4:18  Siege Tank  
  39  4:22  SCV  
  43  4:26  Refinery  
  43  4:34  SCV x2  
  45  4:46  SCV  
  45  4:47  SCV  
  47  4:52  Factory Tech Lab  
  47  4:53  Armory  
  47  5:03  Refinery  
  47  5:07  Refinery, SCV x2  
  48  5:19  SCV x2  
  50  5:27  Siege Tank  
  53  5:42  Supply Depot  
  53  5:48  SCV x2  
  55  6:00  SCV x2  
  57  6:04  Supply Depot  
  57  6:16  Thor x2  
  69  6:27  Supply Depot  
  69  6:30  Orbital Command  
  69  6:32  SCV  
  70  6:33  SCV  
  71  6:44  SCV  
  71  6:45  SCV  
  71  6:46  Armory  
  73  6:48  Terran Vehicle Weapons Level 1  
  73  6:50  Supply Depot  
  73  6:53  Refinery  
  73  7:03  SCV x3  
  76  7:12  Supply Depot  
  76  7:15  SCV x3  
  79  7:27  SCV x3  
  79  7:28  Refinery  
  82  7:35  Supply Depot  
  82  7:39  SCV x2  
  82  7:40  SCV  
  85  7:49  Command Center  
  85  7:51  SCV x2  
  85  7:52  SCV  
  85  7:57  Supply Depot  
  88  8:13  SCV x3  
  91  8:21  Supply Depot  
  91  8:25  SCV x3  
  94  8:33  Factory  
  94  8:44  Supply Depot  
  94  8:48  Terran Vehicle Weapons Level 2  
  94  8:50  Terran Vehicle And Ship Armor Level 1  
  94  8:53  Smart Servos  
  94  8:56  Infernal Pre-Igniter  
  94  9:07  SCV x3  
  97  9:19  Factory, SCV x3  
  97  9:23  Thor x2  
  112  9:27  Factory Tech Lab  
  112  9:38  Command Center  
  112  9:40  Supply Depot  
  112  10:00  Thor  
  112  10:03  Supply Depot  
  112  10:05  Factory Tech Lab  
  118  10:07  Factory  
  118  10:17  Thor x2  
  130  10:26  Supply Depot  
  130  10:43  Thor  
  130  10:49  Supply Depot  
  136  10:52  Refinery x2  
  136  10:53  Factory  
  136  11:04  Engineering Bay  
  136  11:09  Factory Tech Lab  
  136  11:11  Supply Depot  
  136  11:14  Thor  
  136  11:15  Thor  
  136  11:16  Thor  
  154  11:34  Supply Depot  
  154  11:38  Factory  
  154  11:44  Command Center  
  154  11:57  Supply Depot  
  154  11:59  SCV x2  
  154  12:00  SCV x2  
  158  12:11  SCV  
  158  12:12  SCV x2  
  161  12:21  Supply Depot  
  161  12:22  Thor x2, Factory  
  157  12:23  Thor x2  
  157  12:24  Thor  
  176  12:39  Factory Reactor  
  176  12:42  Factory Reactor  
  174  13:07  Refinery  
  174  13:28  Factory Tech Lab  
  174  13:31  Command Center  
  174  13:42  SCV x3  
  177  13:57  Planetary Fortress  
  177  14:00  SCV x3  
  180  14:04  Thor x3  
  198  15:16  Unknown  
  198  15:21  Command Center  
  138  16:08  Thor x3  
  138  16:09  Thor x2  
  138  16:10  Thor  
  126  16:24  Terran Vehicle Weapons Level 3  
  121  16:25  Terran Vehicle And Ship Armor Level 2  
  114  16:38  Hellion x2  
  114  16:39  Hellion x2  
  99  16:50  Thor  
  100  17:05  Neosteel Armor  
  92  17:18  SCV x2  
  94  17:30  SCV  
  94  17:31  SCV  
  94  17:33  Command Center  
  96  17:48  Thor  
  96  17:49  Thor x3  
  96  17:50  Thor x2  
  132  17:54  Hellion x2  
  132  17:55  Hellion  
  132  17:56  Hellion  
  140  18:01  Refinery  
  140  18:37  Thor  
  140  18:38  Thor x2  
  140  18:39  Thor x2  
  140  18:40  Thor  
  176  18:48  Command Center  
  176  18:51  Refinery  
  176  18:52  Refinery  
  176  19:39  Orbital Command  
  176  19:41  Planetary Fortress  
  176  19:45  SCV x2  
  178  19:57  Thor x3, SCV x2  
  198  20:33  Unknown  
  198  20:42  Command Center  
  198  20:47  Terran Vehicle And Ship Armor Level 3  
  190  20:51  Hi-Sec Auto Tracking  
  190  20:56  Thor  
  190  20:57  Thor  
  182  21:23  Thor  
  182  21:24  Thor x2  
  194  21:57  Command Center  
  194  22:11  Planetary Fortress  
  194  22:15  Planetary Fortress  
  176  23:34  Thor  
  176  23:35  Thor x3  
Show
View Real Time Build Order
Export as new Build Order

A.I. 1 (Harder) Terran 

Build Orders:  

Get SALT Encoding   

  12  0:00  SCV  
  13  0:13  SCV  
  14  0:18  Supply Depot  
  14  0:25  SCV  
  15  0:40  SCV  
  15  0:42  Barracks  
  16  0:50  Refinery  
  16  0:52  SCV  
  17  1:04  SCV  
  18  1:16  SCV  
  19  1:20  Supply Depot  
  19  1:28  Marine  
  19  1:29  SCV  
  21  1:42  Orbital Command  
  21  1:46  Marine  
  22  1:55  Supply Depot  
  22  2:03  Barracks  
  22  2:05  Barracks Tech Lab  
  22  2:23  Marine  
  23  2:31  Supply Depot  
  23  2:32  SCV  
  24  2:41  Refinery, Marine  
  25  2:44  SCV  
  25  2:50  Marine  
  25  2:51  Engineering Bay  
  27  2:57  SCV  
  28  2:59  Marauder  
  30  3:09  SCV  
  31  3:20  Marauder  
  31  3:21  SCV  
  34  3:33  SCV  
  35  3:42  Marauder  
  37  4:03  Marauder  
  39  4:23  Barracks Tech Lab  
  39  4:24  Stimpack, Marine  
  39  4:26  Factory  
  39  4:27  Supply Depot  
  39  4:29  Missile Turret  
  40  4:32  Terran Infantry Weapons Level 1  
  40  4:33  Missile Turret  
  40  4:41  Combat Shield  
  40  4:42  Marine  
  40  4:44  Marine  
  42  4:54  Bunker  
  42  5:11  Marine  
  42  5:12  Factory, Factory Tech Lab  
  41  5:19  Marine  
  39  5:29  Marine  
  39  5:31  Barracks  
  39  5:34  Command Center  
  40  5:35  Siege Tank  
  43  5:58  Supply Depot, Factory Tech Lab  
  43  6:00  Concussive Shells  
  43  6:07  Siege Tank  
  46  6:16  Cyclone  
  49  6:26  Terran Infantry Armor Level 1  
  49  6:35  Starport  
  49  6:47  SCV x2  
  51  6:56  Refinery  
  51  6:59  SCV x2, Missile Turret  
  53  7:09  Missile Turret  
  53  7:11  Refinery, SCV x2  
  53  7:13  Starport Tech Lab  
  55  7:23  SCV  
  55  7:24  SCV  
  57  7:31  Raven  
  57  7:32  Bunker  
  57  7:35  SCV  
  57  7:36  SCV  
  61  7:47  Sensor Tower, SCV  
  61  7:48  SCV  
  63  7:53  Armory  
  63  7:57  Barracks Reactor  
  63  7:59  SCV  
  63  8:00  SCV  
  65  8:09  Marine  
  65  8:11  SCV  
  65  8:12  Factory  
  67  8:14  Raven  
  69  8:20  Command Center, Starport  
  69  8:36  Supply Depot  
  69  8:37  Widow Mine  
  71  8:51  Marine  
  71  8:54  Marine  
  70  8:55  Medivac  
  70  8:56  Factory Tech Lab  
  70  8:57  Medivac  
  70  8:58  Marine  
  70  8:59  Supply Depot  
  70  9:01  Marine  
  76  9:07  Starport  
  76  9:08  Marine  
  77  9:12  Marine  
  77  9:16  Marine  
  79  9:21  SCV  
  79  9:22  SCV  
  81  9:26  Supply Depot, Starport Tech Lab  
  81  9:27  Marauder, Medivac  
  81  9:29  Widow Mine  
  87  9:33  SCV  
  87  9:34  SCV x2  
  90  9:44  Refinery, Starport Reactor, Raven  
  90  9:45  Refinery, SCV  
  93  9:47  SCV x2  
  93  9:49  Thor  
  101  9:57  SCV  
  101  9:59  SCV x2  
  104  10:03  Supply Depot  
  104  10:07  Terran Infantry Weapons Level 2  
  104  10:09  SCV  
  104  10:11  SCV  
  104  10:12  SCV  
  107  10:21  SCV  
  107  10:23  SCV  
  107  10:24  SCV  
  107  10:27  Terran Vehicle Weapons Level 1  
  110  10:28  Supply Depot  
  110  10:33  Missile Turret  
  110  10:34  SCV  
  110  10:35  SCV  
  112  10:37  Missile Turret  
  112  10:48  Ghost Academy  
  112  10:50  Engineering Bay  
  112  10:54  Fusion Core  
  112  10:58  Bunker  
  112  11:01  Armory  
  112  11:15  Terran Infantry Armor Level 2  
  112  11:43  Siege Tank  
  112  11:45  Supply Depot  
  112  11:46  Thor  
  121  11:48  Terran Ship Weapons Level 1  
  121  11:49  Siege Tank  
  124  12:10  Supply Depot  
  124  12:15  Thor  
  124  12:21  Thor  
  124  12:22  Terran Vehicle And Ship Armor Level 1  
  136  12:29  Terran Infantry Weapons Level 3, Siege Tank  
  139  12:32  Marine  
  139  12:35  Supply Depot, Marine  
  124  12:38  Marine  
  124  12:41  Marine  
  126  12:50  Marine  
  127  12:53  Marine  
  127  12:56  Marine  
  129  12:58  Siege Tank  
  129  12:59  Marine  
  129  13:01  Widow Mine  
  129  13:04  Widow Mine  
  137  13:08  Marine  
  138  13:32  Command Center  
  138  13:34  Terran Infantry Armor Level 3  
  138  13:42  Terran Vehicle Weapons Level 2  
  138  14:04  Drilling Claws  
  138  14:15  Terran Ship Weapons Level 2  
  138  14:26  Rapid Reignition System  
  138  14:55  Refinery  
  138  14:57  Missile Turret  
  138  14:59  Missile Turret  
  138  15:01  Refinery  
  138  15:05  Neosteel Armor  
  138  15:09  Hellion  
  138  15:11  Hellion  
  138  15:13  Supply Depot, Marine  
  143  15:15  Marine  
  143  15:17  Marine  
  143  15:19  Marine  
  146  15:22  Bunker, Hellion  
  148  15:30  Hellion  
  148  15:31  Infernal Pre-Igniter  
  148  15:32  Siege Tank  
  153  15:37  Supply Depot  
  153  15:43  Siege Tank  
  156  15:51  Siege Tank  
  156  15:58  Terran Vehicle And Ship Armor Level 2  
  156  16:02  Marine  
  151  16:04  Siege Tank, Marine  
  151  16:05  Raven  
  151  16:06  Raven  
  151  16:07  Marine  
  151  16:09  Marine  
  148  16:11  Hi-Sec Auto Tracking  
  148  16:15  Siege Tank  
  151  16:20  Marine  
  151  16:22  Marine  
  151  16:24  Siege Tank, Marine  
  157  16:27  Marine  
  157  16:31  Terran Vehicle Weapons Level 3  
  152  16:37  Marine  
  147  16:40  Marine  
  147  16:42  Marine  
  147  16:44  Marine  
  150  16:48  Raven  
  152  17:11  Thor  
  140  17:17  Siege Tank  
  140  17:19  Siege Tank  
  140  18:06  Command Center  
  140  18:14  Terran Ship Weapons Level 3  
  140  19:08  Raven  
  140  19:09  Terran Vehicle And Ship Armor Level 3, Raven  
  134  19:27  Refinery  
  134  19:31  Missile Turret  
  134  19:36  Missile Turret  
  134  19:38  Refinery  
  134  19:51  Raven  
  136  19:57  Bunker  
  136  20:34  SCV x2  
  135  20:36  SCV, Raven x2  
  135  20:37  SCV x2, Medivac  
  135  20:41  Medivac, Marine  
  126  20:44  Marauder x2  
  126  20:45  Hellion x2  
  126  20:46  Hellion, SCV  
  126  20:48  SCV  
  126  20:49  SCV x2, Marine  
  110  20:58  SCV  
  110  20:59  Marine  
  110  21:00  SCV  
  110  21:01  SCV x2  
  107  21:05  Marauder  
  107  21:06  Marine  
  107  21:07  Viking  
  107  21:08  Siege Tank  
  107  21:10  SCV  
  107  21:11  Siege Tank, Medivac  
  102  21:13  SCV x3  
  102  21:14  Marine  
  102  21:17  Marine  
  103  21:19  Raven  
  103  21:22  SCV  
  103  21:24  Marine  
  103  21:25  SCV x2  
  108  21:26  Hellion, SCV, Marine  
  108  21:31  Marine  
  113  21:34  SCV  
  113  21:35  Marine  
  113  21:37  SCV x2  
  113  21:38  Command Center, SCV  
  117  21:40  Siege Tank  
  117  21:41  Bunker  
  117  21:42  Marine  
  117  21:43  Siege Tank, Raven  
  117  21:44  Bunker, Viking, Marine  
  117  21:45  Viking  
  117  21:46  SCV  
  121  21:48  Hellion  
  121  21:49  SCV  
  121  21:50  Marauder, SCV  
  121  21:53  Marine  
  106  21:55  Refinery  
  106  21:58  SCV  
  106  21:59  Supply Depot  
  106  22:00  Marine  
  94  22:01  SCV  
  94  22:02  SCV, Viking  
  94  22:04  Marauder  
  88  22:09  Hellion  
  88  22:10  SCV  
  88  22:11  Marauder  
  88  22:12  Marine  
  88  22:13  Refinery, SCV  
  88  22:14  SCV  
  91  22:15  Hellion  
  91  22:18  Hellion, Marine  
  72  22:23  SCV  
  72  22:25  Marauder, SCV  
  72  22:26  SCV, Viking  
  72  22:27  Command Center  
  58  22:30  Refinery  
  58  22:31  Hellion, Raven  
  58  22:32  Marauder  
  58  22:35  SCV  
  58  22:37  Refinery, Siege Tank, SCV  
  58  22:38  SCV  
  58  22:40  Hellion  
  55  22:46  Marauder  
  55  22:48  Starport  
  55  22:49  SCV  
  55  22:50  SCV  
  55  22:51  SCV  
  54  22:52  Thor, Supply Depot  
  54  22:54  Marauder  
  54  22:55  Marine, Missile Turret  
  54  22:56  Viking  
  60  22:59  Marine  
  60  23:01  Hellion, SCV  
  60  23:02  SCV  
  60  23:03  SCV  
  62  23:08  Marauder  
  62  23:09  Engineering Bay  
  55  23:13  Marine  
  55  23:14  SCV x2  
  55  23:15  Marauder, SCV  
  56  23:24  Viking  
  56  23:26  SCV x2, Raven  
  60  23:27  SCV  
  60  23:29  Supply Depot  
  60  23:31  Supply Depot  
  60  23:33  Supply Depot  
  54  23:37  Factory  
  54  23:38  SCV  
  54  23:39  SCV  
  43  23:46  Command Center  
  43  23:48  Barracks  
  38  23:50  SCV  
  38  23:51  SCV  
  39  23:55  Starport Reactor  
  39  23:56  Supply Depot  
  36  24:03  SCV  
  33  24:21  Hellion  
  33  24:22  Armory  
  32  24:28  Supply Depot  
  27  24:35  Marine  
  33  24:43  Hellion  
  35  24:48  SCV  
  35  24:51  Command Center  
  36  24:53  Marine  
  35  25:00  SCV  
  28  25:11  Marine  
  28  25:12  SCV  
  29  25:15  Armory  
Tags
 
League
Bronze
Matchup
TvT
Race
Terran
Spawn Locations
Cross Positions
Add a new tag
Caveats
  • Supply blocks, unpowered buildings, or Contaminate may cause inaccurate times.
  • Supply counts are checked every 10 seconds.